 Dungeon Crawl Stone Soup version 0.31-a0-1308-ga3cce3a448 (webtiles) character file.

Game seed: 7997684921428949656

1484 senseless the Ruffian (level 8, -6/68 (70) HPs)
             Began as a Yellow Draconian Shapeshifter on Dec 19, 2023.
             Was a Follower of Qazlal.
             Mangled by a wight
             ... wielding a +2 halberd
              (15 damage)
             ... on level 6 of the Dungeon.
             The game lasted 00:11:04 (5057 turns).

senseless the Ruffian (DrSh)                        Turns: 5057, Time: 00:11:05

HP:   -6/68 (70)    AC:  6    Str: 17    XL:     8   Next: 50%
MP:   8/8           EV: 13    Int: 11    God:    Qazlal [*.....]
Gold: 213           SH:  6    Dex: 12    Spells: 7/7 levels left

rFire   . .          .
                       - Unarmed
rCold   . . .        (no shield)
rNeg    . . .        (body armour unavailable)
rPois   .            (helmet currently unavailable)
rElec   .            (cloak currently unavailable)
rCorr   +            (gloves currently unavailable)
SInv    .            (boots currently unavailable)
Will    .....        q - amulet of reflection
Stlth   +            (no ring)
HPRegen 0.31/turn    (no ring)
MPRegen 0.11/turn

%: reflection
@: short of breath, beast-form, lightly drained
A: beast (slay +3), spit acid, AC +6, unfitting armour, cold-blooded, acid
resistance
a: Breathe Acid, Begin Untransformation, Renounce Religion


You were on level 6 of the Dungeon.
You worshipped Qazlal.
Qazlal was aware of your devotion.
You were a hulking beast.
You visited 1 branch of the dungeon, and saw 6 of its levels.

You collected 213 gold pieces.

Inventory:

Hand Weapons
 a - a +0 sling
 n - a +1 hand axe of flaming
 v - a +0 orcbow
Missiles
 d - 38 stones
 h - 4 curare-tipped darts
 p - 4 poisoned darts
Armour
 f - a +0 pair of boots
 i - a +0 pair of boots
 r - a +1 pair of boots
 y - a +0 kite shield
Jewellery
 q - an amulet of reflection (around neck)
Talismans
 b - a beast talisman
 c - a flux talisman
Wands
 j - a wand of digging (3)
 u - a wand of flame (10) (quivered)
Scrolls
 g - a scroll of torment
Potions
 e - 3 potions of lignification
 k - 2 potions of curing
 l - 3 potions of enlightenment
 m - a potion of mutation
 o - a potion of heal wounds
 s - a potion of brilliance {unknown}
 t - 3 potions of ambrosia
 w - a potion of degeneration {unknown}


   Skills:
 + Level 5.8 Fighting
 + Level 5.0 Dodging
 + Level 6.1 Unarmed Combat
 + Level 5.6 Shapeshifting


You had 7 spell levels left.
You didn't know any spells.
Your spell library contained the following spells:

 Spells                   Type           Power      Damage    Failure   Level
 Freeze                   Ice            0%         1d3       34%         1
 Sting                    Tmut/Pois      0%         1d3       34%         1
 Summon Small Mammal      Summ           0%         N/A       34%         1
 Blink                    Tloc           0%         N/A       47%         2
 Lesser Beckoning         Tloc           0%         N/A       47%         2
 Momentum Strike          Conj/Tloc      0%         3d8       47%         2
 Poisonous Vapours        Pois/Air       0%         N/A       47%         2
 Call Canine Familiar     Summ           0%         N/A       71%         3
 Frozen Ramparts          Ice            0%         1d1       71%         3
 Hailstorm                Conj/Ice       0%         3d5       71%         3
 Ozocubu's Armour         Ice            0%         N/A       71%         3
 Stone Arrow              Conj/Erth      0%         3d7       71%         3
 Summon Guardian Golem    Hex/Summ       0%         N/A       71%         3
 Olgreb's Toxic Radiance  Pois           0%         N/A       98%         4
 Alistair's Intoxication  Tmut/Pois      0%         N/A       100%        5
 Borgnjor's Vile Clutch   Necr/Erth      0%         N/A       100%        5
 Eringya's Noxious Bog    Tmut/Pois      0%         4d6       100%        6
 Ozocubu's Refrigeration  Ice            0%         4d7       100%        7
 Lehudib's Crystal Spear  Conj/Erth      0%         10d2      100%        8
 Animate Armour           Summ/Erth      Unusable   N/A       N/A         4

Dungeon Overview and Level Annotations

Branches:
Dungeon (6/15)             Temple (0/1) D:6

Altars:
Ashenzari
Dithmenos
Gozag
Qazlal
Sif Muna
Trog
Zin

Shops:
D:3 =   D:4 **   D:5 *


Innate Abilities, Weirdness & Mutations

You are a hulking beast.
Your limbs bulge with bestial killing power. (Slay +3)
You can spit globs of acid.
Your golden yellow scales are hard. (AC +6)
You cannot fit into any form of body armour.
You are cold-blooded and may be slowed by cold attacks.
You are resistant to acid. (rCorr)


Message History

You are too injured to fight recklessly!
You are too injured to fight recklessly!
You are too injured to fight recklessly!
You block the wight's attack. The wight attacks as it pursues you!
The wight hits you with a +1 hand axe!
* * * LOW HITPOINT WARNING * * *
You are too injured to fight recklessly!
Press: ? - help, Shift-Dir - straight line, f - wight
Aim: a wight, wielding a +1 hand axe and wearing a +0 robe (severely damaged, 64% to hit)
You spit a glob of acid.
The glob of acid hits the wight!
The acid corrodes the wight!
The acid splashes onto the wight!
The wight is splashed with acid.
You destroy the wight!
Qazlal accepts your kill. The wight closely misses you.
You are too injured to fight recklessly!
Aiming: Throw Flame
Press: ? - help, Shift-Dir - straight line, f - wight
Aim: a wight, wielding a +2 halberd and wearing a +0 robe (moderately damaged, 68% to hit)
The puff of flame hits the wight but does no damage.
The wight is moderately damaged.
The wight hits you from afar with a +2 halberd!
* * * LOW HITPOINT WARNING * * *
You feel drained.
* * * LOW HITPOINT WARNING * * *
An orc wizard comes into view. It is wielding a +0 dagger.
The orc wizard shouts!
The orc wizard moves out of view.
The orc wizard casts a spell at you. You resist with some effort.
The orc wizard gestures at you while chanting.
The magic dart hits you but does no damage.
Found a staircase to the Ecumenical Temple.
There is a stone staircase leading down here.
There is a staircase to the Ecumenical Temple here.
The orc wizard mumbles some strange words.
The orc wizard flickers and vanishes!
Deactivating autopickup; reactivate with Ctrl-A.
The wight hits you from afar with a +2 halberd!
You die...

#######.......#
#z...##.......#
#.##.##...)...#
#)##z##.......# .
#....##.##.......#
#..######.##.o.....#
##..# #.z...#+####
#...#######...#
#..h.z.{.>###
###########


You could see a wight.

Vanquished Creatures
  2 water moccasins
  An orc warrior (D:6)
  A centaur (D:5)
  An ogre (D:5)
  A phantom (D:5)
  A gnoll sergeant (D:5)
  2 scorpions (D:6)
  2 wights (D:6)
  3 howler monkeys
  3 hounds
  3 orc priests
  3 jellies
  2 iguanas (D:5)
  An orc wizard (D:3)
  Robin (D:2)
  5 gnolls
  7 adders
  A shadow imp (D:5)
  A worm (D:2)
  A dart slug (D:5)
  8 orcs
  6 ball pythons
  7 bats
  7 endoplasms
  2 giant cockroaches
  11 goblins
  9 hobgoblins
  5 kobolds
  4 quokkas
  3 frilled lizards
  4 rats
108 creatures vanquished.

Notes
Turn   | Place    | Note
-------+----------+-------------------------------------------
     0 | D:1      | senseless the Draconian Shapeshifter began the quest for
                  | the Orb.
     0 | D:1      | Reached XP level 1. HP: 16/16 MP: 1/1
   245 | D:1      | Reached XP level 2. HP: 22/23 MP: 2/2
   388 | D:1      | Found a faded altar of an unknown god.
   488 | D:1      | Reached XP level 3. HP: 29/29 MP: 3/3
  1017 | D:2      | Noticed Robin
  1024 | D:2      | Killed Robin
  1278 | D:2      | Reached XP level 4. HP: 36/36 MP: 4/4
  1775 | D:3      | Found Caeck's Jewellery Boutique.
  1841 | D:3      | Reached XP level 5. HP: 19/44 MP: 5/5
  2341 | D:4      | Found Nusoto's Specific Store.
  2343 | D:4      | Found Widuih's General Store.
  2377 | D:4      | Found an opulent altar of Gozag.
  2723 | D:4      | Reached skill level 4 in Unarmed Combat
  3121 | D:4      | Found a glowing silver altar of Zin.
  3121 | D:4      | Found a stormy altar of Qazlal.
  3128 | D:4      | Became a worshipper of Qazlal Stormbringer
  3153 | D:4      | Reached XP level 6. HP: 51/51 MP: 6/6
  3321 | D:5      | Entered Level 5 of the Dungeon
  3425 | D:5      | Noticed a water moccasin
  3437 | D:5      | Killed a water moccasin
  3564 | D:5      | Found a bloodstained altar of Trog.
  3610 | D:5      | Your scales start taking on a golden yellow colour.
  3610 | D:5      | Reached XP level 7. HP: 59/59 MP: 7/7
  3610 | D:5      | Gained mutation: You are resistant to acid. (rCorr) [Yellow
                  | Draconian growth]
  3765 | D:5      | Reached skill level 5 in Unarmed Combat
  4110 | D:5      | Reached skill level 5 in Shapeshifting
  4141 | D:5      | Found Ramorr's Assorted Antiques.
  4279 | D:5      | Reached skill level 5 in Fighting
  4384 | D:5      | Reached XP level 8. HP: 65/68 MP: 8/8
  4671 | D:5      | Found a shadowy altar of Dithmenos.
  4918 | D:6      | Found a shimmering blue altar of Sif Muna.
  4925 | D:6      | Found a broken altar of Ashenzari.
  4977 | D:6      | Reached * piety under Qazlal
  5027 | D:6      | Identified the +1 robe of Vud Dexkubi {Regen+ Str+2}
  5028 | D:6      | Reached skill level 6 in Unarmed Combat
  5029 | D:6      | Reached skill level 5 in Dodging
  5049 | D:6      | Found a staircase to the Ecumenical Temple.
  5057 | D:6      | Mangled by a wight

Illustrated notes

Levels and vault maps discovered:
D:1:      minmay_arrival_floating_metal, layout_loops_ring,
          shapermc_ecumenical_altar_venn
D:2:      layout_basic, uniq_robin
D:3:      layout_basic, serial_shops, nicolae_shop_gaudy_bauble
D:4:      layout_gridville, amethyst_overflow_temple_binary,
          grunt_gozag_breadcrumbs, hex_medium, serial_bayou_pond_d,
          nicolae_specific_store
D:5:      layout_basic, grunt_dithmenos_smoke_and_mirrors,
          mainiacjoe_overflow_24_doors, serial_shops,
          nicolae_shop_just_a_little_nook, kennysheep_generic_room_6
D:6:      layout_basic, kennysheep_mini, grunt_temple_overflow_open,
          minmay_temple_entry_proselytizer, serial_shops, kennysheep_mini_moat,
          nicolae_shop_gadgets

Skill      XL: |  1  2  3  4  5  6  7  8 |
---------------+-------------------------+-----
Dodging        | 2 3 4 5 |  5.0
Fighting       | 2 3 4 5 |  5.8
Unarmed Combat | 4 5 6 |  6.1
Shapeshifting  | 4 5 |  5.6

Action                     |  1- 3 |  4- 6 |  7- 9 || total
---------------------------+-------+-------+-------++-------
  Melee: Unarmed           |    65 |    84 |    92 ||   241
         Punch             |     4 |     2 |     2 ||     8
         Tailslap          |     4 |    10 |    12 ||    26
   Fire: Sling             |    33 |    71 |       ||   104
  Throw: Dart              |       |     2 |       ||     2
Ability: Breathe Acid      |       |       |    14 ||    14
  Evoke: Wand              |       |     5 |     1 ||     6
    Use: Scroll            |       |     9 |     2 ||    11
         Potion            |       |       |     1 ||     1
   Stab: Sleeping          |     1 |       |     1 ||     2
 Armour: Skin              |    28 |    68 |    53 ||   149
  Dodge: Dodged            |    46 |    54 |    39 ||   139
  Block: Other             |       |    11 |    14 ||    25

Table legend: (Time is in decaauts)
 A = Elapsed time spent in this place.
 B = Non-inter-level travel time spent in this place.
 C = Inter-level travel time spent in this place.
 D = Time resting spent in this place.
 E = Time spent auto-exploring this place.
 F = Levels seen in this place.
 G = Mean time per level.
                   A        B        C        D        E       F      G
               +--------+--------+--------+--------+--------+-----+--------+
         Total |   5075 |   4896 |    179 |    177 |   4001 |   6 |  845.8 |
       Dungeon |   5075 |   4896 |    179 |    177 |   4001 |   6 |  845.8 |
               +--------+--------+--------+--------+--------+-----+--------+

Top non-repeatable levels by time:
     D:5: 1512 daAuts
     D:4: 1010 daAuts
     D:1: 938 daAuts
     D:3: 770 daAuts
     D:2: 633 daAuts
     D:6: 211 daAuts
